 Dungeon Crawl Stone Soup version 0.23.1-37-gaa34b87 (webtiles) character file.

Game seed: 0

101556 night the Warrior (level 16, -1/122 HPs)
             Began as a Barachi Fighter on Mar 20, 2019.
             Was the Champion of Hepliaklqana.
             Slain by a swamp worm (8 damage)
             ... on level 2 of the Swamp.
             The game lasted 02:06:28 (34108 turns).

night the Warrior (Barachi Fighter)                Turns: 34108, Time: 02:06:29

Health: -1/122     AC: 30    Str: 19 (20) XL:     16   Next: 30%
Magic:  30/30      EV: 12    Int: 13      God:    Hepliaklqana [******]
Gold:   2358       SH: 14    Dex: 14      Spells: 15/15 levels left

rFire    . . .     SeeInvis .   a - +8 long sword "Zacrozoh" {drain, +Fly}
rCold    + . .     Gourm    +   c - +0 shield
rNeg     . . .     Faith    .   W - +6 plate armour of Tomorrow {rPois rC+ Str-4 Slay+5}
rPois    +         Spirit   .   (helmet restricted)
rElec    .         Reflect  .   N - scarf {repulsion}
rCorr    +         Harm     .   l - +2 pair of gloves "Nagahubi" {rPois MR+ MP+9 Dex+2}
MR       ++...                  r - +1 pair of boots
Stlth    ..........             x - amulet of the gourmand
HPRegen  0.30/turn              Z - ring of resist corrosion
MPRegen  0.22/turn              F - +2 ring of intelligence

@: very slightly contaminated, repel missiles, slow
A: +LOS, swims, reduced essence, antennae 1, beak, slimy green scales 1,
deterioration 1, slowness 1, strong 1, no potion heal 1, strong legs 2
a: Hop, Recall Ancestor, Ancestor Identity, Transference, Idealise, Renounce
Religion, Evoke Flight


You were on level 2 of the Swamp.
You worshipped Hepliaklqana.
Hepliaklqana was exalted by your worship.
You were completely stuffed.

You visited 5 branches of the dungeon, and saw 26 of its levels.
You visited the Abyss 1 time.

You collected 2694 gold pieces.
You spent 336 gold pieces at shops.

Inventory:

Hand Weapons
 a - the +8 long sword "Zacrozoh" (weapon) {drain, +Fly}
   (You found it on level 1 of the Lair of Beasts)

   A truly terrible weapon, it drains the life of those it strikes.
   It lets you fly.
 v - a +3 scimitar of flaming
 I - a +0 rapier
Missiles
 h - 44 tomahawks (quivered)
 n - 781 stones
 H - 70 sling bullets
Armour
 c - a +0 shield (worn)
 l - the +2 pair of gloves "Nagahubi" (worn) {rPois MR+ MP+9 Dex+2}
   (You bought it in a shop on level 13 of the Dungeon)

   It affects your dexterity (+2).
   It protects you from poison.
   It affects your resistance to hostile enchantments.
   It affects your magic capacity (+9).
 r - a +1 pair of boots (worn)
 N - a scarf of repulsion (worn)
 R - a +2 cloak of invisibility
 U - the +5 scale mail "Toeps" {+Blink rElec rC- Dex-4}
   (You found it on level 5 of the Lair of Beasts)

   It affects your dexterity (-4).
   It makes you vulnerable to cold.
   It insulates you from electricity.
   It lets you blink.
 W - the +6 plate armour of Tomorrow (worn) {rPois rC+ Str-4 Slay+5}
   (You found it on level 6 of the Lair of Beasts)

   It affects your strength (-4).
   It affects your accuracy and damage with ranged weapons and melee attacks
   (+5).
   It protects you from cold.
   It protects you from poison.
Jewellery
 g - an uncursed ring of ice
 u - an uncursed ring of flight
 x - an amulet of the gourmand (around neck)
 F - a +2 ring of intelligence (right hand)
 M - an uncursed ring of stealth
 T - an uncursed ring of protection from magic
 Z - a ring of resist corrosion (left hand)
Wands
 j - a wand of scattershot (5)
 p - a wand of random effects (38)
 y - a wand of disintegration (26)
 z - a wand of acid (2)
 G - a wand of iceblast (1)
 J - a wand of enslavement (19)
 S - a wand of paralysis (9)
 V - a wand of clouds (2)
Scrolls
 e - 13 scrolls of identify
 k - 5 scrolls of teleportation
 m - 4 scrolls of fear
 s - 3 scrolls of remove curse
 w - 7 scrolls of magic mapping
 E - 5 scrolls of fog
 K - a scroll of vulnerability
 L - 6 scrolls of blinking
Potions
 d - a potion of might
 i - 8 potions of curing
 q - 4 potions of lignification
 t - 4 potions of haste
 A - 3 potions of resistance
 B - 5 potions of agility
 C - a potion of invisibility
 D - 5 potions of ambrosia
 O - 3 potions of berserk rage
 P - 5 potions of brilliance
 Y - 2 potions of heal wounds
Miscellaneous
 b - a phial of floods
 o - a lightning rod (4/4)
 X - a sack of spiders
Comestibles
 f - 40 rations
 Q - a chunk of flesh


   Skills:
 + Level 15.5 Fighting
 - Level 14.1 Long Blades
 + Level 13.1 Armour
 + Level 11.7 Dodging
 * Level 5.5 Stealth
 - Level 15.0 Shields
 - Level 7.5 Invocations


You had 15 spell levels left.
You didn't know any spells.
Your spell library contained the following spells:

 Spells                   Type           Power        Failure   Level  Hunger
 Animate Skeleton         Necr           N/A          99%         1    ##.....
 Apportation              Tloc           #.....       99%         1    ##.....
 Beastly Appendage        Tmut           #.....       99%         1    ##.....
 Confusing Touch          Hex            #.....       99%         1    ##.....
 Corona                   Hex            #......      99%         1    ##.....
 Infusion                 Chrm           #...         99%         1    ##.....
 Sandblast                Erth           #.....       99%         1    ##.....
 Summon Small Mammal      Summ           #...         99%         1    ##.....
 Ensorcelled Hibernation  Hex/Ice        #.....       100%        2    ###....
 Passwall                 Tmut/Erth      #.......     100%        2    ###....
 Shroud of Golubria       Chrm/Tloc      #.........   100%        2    ###....
 Slow                     Hex            #.......     100%        2    ###....
 Song of Slaying          Chrm           #.......     100%        2    ###....
 Sticks to Snakes         Tmut           #.......     100%        2    ###....
 Sublimation of Blood     Necr           #.........   100%        2    ###....
 Confuse                  Hex            #.......     100%        3    ####...
 Dazzling Spray           Conj/Hex       #.....       100%        3    ####...
 Inner Flame              Hex/Fire       #.......     100%        3    ####...
 Portal Projectile        Hex/Tloc       #.....       100%        3    ####...
 Regeneration             Chrm/Necr      #.........   100%        3    ####...
 Spectral Weapon          Hex/Chrm       #.......     100%        3    ####...
 Spider Form              Tmut/Pois      #.........   100%        3    ####...
 Stone Arrow              Conj/Erth      #.....       100%        3    ####...
 Tukima's Dance           Hex            #.......     100%        3    ####...
 Cause Fear               Hex            #.........   100%        4    #####..
 Ice Form                 Ice/Tmut       #.......     100%        4    #####..
 Leda's Liquefaction      Hex/Erth       #.........   100%        4    #####..
 Petrify                  Tmut/Erth      #.......     100%        4    #####..
 Blade Hands              Tmut           #.........   100%        5    ######.
 Bolt of Draining         Conj/Necr      #.........   100%        5    ######.
 Iskenderun's Battlesphe  Conj/Chrm      #.......     100%        5    ######.
 Lee's Rapid Deconstruct  Erth           #.........   100%        5    ######.
 Deflect Missiles         Chrm/Air       #.........   100%        6    #######


Dungeon Overview and Level Annotations

Branches:
Dungeon (15/15)            Temple (1/1) D:5            Lair (6/6) D:10
  Swamp (2/4) Lair:2        Snake (0/4) Lair:3        Slime (0/5) Lair:6
    Orc (2/2) D:9             Elf (0/3) Orc:2        Vaults (0/5) D:14
 Depths (0/5) D:15

Altars:
Ashenzari
Cheibriados
Dithmenos
Elyvilon
Fedhas
Hepliaklqana
Kikubaaqudgha
Makhleb
Nemelex Xobeh
Okawaru
Qazlal
Ru
Trog
Uskayaw
Vehumet
Wu Jian
Xom
Yredelemnul
Zin
The Shining One
Beogh
Jiyva

Shops:
D:4 !   D:7 *?*   D:10 *   D:13 *!%?[   Orc:2 *%[(?

Annotations:
D:7 Joseph
D:10 1 runed translucent door, Vojta's ghost, novice DDFi
Lair:3 1 runed translucent door, Yolobob's ghost, adept TrMo


Innate Abilities, Weirdness & Mutations

Shadows flee at your approach. (+LOS)
You can swim through water.
You cover ground slowly.
You can hop long distances.
Your life essence is reduced to manifest your ancestor. (-10% HP)
You have a pair of small antennae on your head.
You have a beak for a mouth.
You are partially covered in slimy green scales. (AC +2)
Your body sometimes deteriorates upon taking damage.
Your muscles are strong. (Str +2)
Potions are less effective at restoring your health.


Message History

You hit the slime creature.
The slime creature is severely wounded.
The slime creature hits you.
* * * LOW HITPOINT WARNING * * *
The swamp worm throws harpoon shot at you.
The harpoon shot hits Ulric!!
You slash the slime creature!
The slime creature is almost dead.
The slime creature misses you.
Ulric hits the swamp worm with a +0 dagger of draining!
You slash the slime creature!
You kill the slime creature!
The swamp worm throws harpoon shot at you.
You block the harpoon shot. The swamp worm bites you!
* * * LOW HITPOINT WARNING * * *
You closely miss the swamp worm.
The swamp worm is lightly wounded.
Ulric hits the swamp worm with a +0 dagger of draining!
The swamp worm bites you!
You die...

≈..≈≈. ♣♣.♣≈≈≈≈≈♣..≈≈..
≈.≈..♣♣§♣≈≈≈≈≈≈≈≈≈≈≈≈≈
♣≈.≈...≈♣≈≈≈≈≈♣≈≈≈≈≈≈
♣♣.≈≈≈....♣≈≈≈≈.≈≈≈≈≈.
♣.≈w≈≈..≈.♣≈≈≈≈≈≈≈≈..≈
♣.≈≈≈≈≈≈..♣≈..≈.≈≈≈.≈♣
♣♣♣♣≈≈≈§≈§......≈≈≈≈≈≈..
..≈♣♣♣≈.≈≈≈≈...≈≈≈≈≈≈≈i.
.≈≈.♣♣≈.@≈≈≈≈≈(≈≈≈≈≈≈≈≈..
≈≈≈....≈wR≈≈≈≈≈≈≈≈≈§..♣♣.
.≈≈≈.♣♣..≈≈≈≈≈≈.....♣♣♣♣♣≈
♣.≈≈≈.♣♣..♣♣..≈≈..♣♣♣♣.≈♣..
♣♣J.≈≈≈≈♣♣.. ≈≈≈≈≈≈.♣
♣.≈≈♣♣≈ ♣.J..≈≈≈≈.♣♣
...≈≈≈.♣ ♣≈≈≈.♣♣ ♣†J≈..≈≈≈≈
§..≈≈≈..♣♣.≈..≈♣ .≈....≈≈≈≈
..♣.≈≈≈.♣♣..≈♣♣i
♣≈...≈≈≈≈≈≈
≈.$.≈≈≈.♣♣≈..≈.≈


You could see the friendly Ulric the hexer and 2 swamp worms.

Vanquished Creatures
  Frances (D:12)
  Kirke (D:15)
  2 orc warlords
  Azrael (D:13)
  A fire dragon (Lair:6)
  Snorg (D:11)
  A yaktaur captain (D:14)
  Erolcha (D:9)
  Fannar (Lair:1)
  4 hydras
  A two-headed ogre (shapeshifter) (D:13)
  5 centaur warriors
  3 alligators (Swamp:2)
  A catoblepas (Lair:2)
  3 two-headed ogres
  A fire crab (Lair:6)
  3 skeletal warriors (D:14)
  2 unseen horrors
  An unseen horror (shapeshifter) (D:15)
  A glowing orange brain (Lair:1)
  A spriggan druid (Swamp:2)
  An obsidian statue (D:14)
  3 lindwurms (Lair:6)
  18 ugly things
  A faun (shapeshifter) (D:15)
  4 orc sorcerers
  An oklob plant (Lair:3)
  A salamander (D:15)
  4 manticores
  5 black mambas
  3 cyclopes
  A centaur zombie (D:11)
  2 molten gargoyles (Lair:6)
  Maurice (D:8)
  3 yaktaurs
  8 komodo dragons
  5 spiny frogs
  A freezing wraith (D:15)
  A rime drake (Lair:4)
  An efreet (D:13)
  2 tengu conjurers (D:13)
  2 meliai (D:14)
  2 polar bears
  7 trolls
  5 tyrant leeches
  7 blink frogs
  3 hornets
  11 slime creatures
  7 dream sheep (Lair:6)
  Prince Ribbit (D:8)
  7 hippogriffs
  3 bog bodies (Swamp:1)
  A vampire (D:13)
  7 wyverns
  30 yaks
  3 shadows
  A hog (D:15)
  3 hungry ghosts
  2 wraiths (D:14)
  Grum (D:9)
  A fire elemental (D:13)
  10 vampire mosquitoes
  2 steam dragons
  6 basilisks
  Menkaure (D:4)
  4 insubstantial wisps (Swamp:1)
  A naga (Lair:3)
  8 water moccasins
  5 wargs
  7 swamp worms (Swamp:1)
  2 acid dragons
  8 porcupines
  7 hell hounds
  37 orc warriors
  2 swamp drakes
  2 ice beasts
  A sky beast (D:13)
  An eye of draining (D:15)
  3 slaves (D:9)
  A black bear (D:11)
  3 hornet zombies
  3 necrophages
  13 ogres
  2 phantoms (D:14)
  10 wolves
  5 centaurs
  15 crocodiles
  15 bullfrogs
  A wyvern zombie (D:14)
  3 scorpions
  7 wights (D:8)
  20 killer bees
  A howler monkey (D:10)
  14 crimson imps
  3 lava snakes (Lair:6)
  A bullfrog zombie (D:11)
  8 hounds
  12 orc priests
  3 jellies
  21 orc wizards
  5 centaur skeletons
  Jessica (D:2)
  2 bullfrog skeletons
  Natasha (D:2)
  4 iguanas
  5 worker ants
  A killer bee zombie (D:7)
  2 hexers
  2 hound skeletons
  2 worker ant zombies
  13 gnolls
  7 adders
  A shadow imp (D:13)
  3 oozes
  An adder skeleton (D:9)
  An adder zombie (D:6)
  2 worms
  2 dart slugs
  A leopard gecko (D:9)
  80 orcs
  5 giant cockroaches
  7 goblins
  6 hobgoblins
  12 jackals
  A quokka (D:8)
  A ball python (D:2)
  7 bats
  5 frilled lizards
  2 kobolds
  4 rats
  A plant (Lair:6)
661 creatures vanquished.

Vanquished Creatures (collateral kills)
  Gastronok (D:8)
  An orc warlord (Orc:2)
  2 hydras
  A two-headed ogre (D:8)
  2 skeletal warriors (D:14)
  A wizard (D:12)
  A lindwurm (Lair:6)
  Pikel (D:9)
  3 ugly things (D:14)
  A black mamba (Lair:3)
  2 rime drakes
  A meliai (D:14)
  A bog body (Swamp:1)
  Grinder (D:4)
  A hornet (D:10)
  2 blink frogs (Lair:5)
  A slime creature (D:13)
  A raiju (D:9)
  4 hippogriffs
  2 yaks
  2 wyverns
  A steam dragon (D:8)
  A vampire mosquito (Swamp:2)
  2 insubstantial wisps (Swamp:1)
  2 wargs (Orc:2)
  A soldier ant (D:14)
  A water moccasin (Lair:6)
  3 porcupines
  Duvessa (D:4)
  2 black bears
  An eye of draining (D:11)
  4 orc warriors
  A phantom (D:8)
  An ogre (D:4)
  A wolf (Lair:2)
  2 centaurs
  4 crocodiles
  Dowan (D:4)
  A scorpion (D:5)
  A jelly (D:5)
  3 killer bees
  2 wights (D:8)
  A centaur zombie (D:8)
  A crimson imp (D:8)
  A bullfrog zombie (D:8)
  2 hounds
  A centaur skeleton (D:12)
  2 bullfrog skeletons
  2 orc priests
  8 orc wizards
  An iguana (D:4)
  Natasha (twice) (D:2)
  3 worker ants
  2 gnolls (D:6)
  A shadow imp (D:5)
  2 oozes (D:2)
  2 leopard geckos
  20 orcs
  2 giant cockroaches
  3 goblins
  2 hobgoblins
  2 jackals (D:5)
  A quokka (D:2)
  2 frilled lizards (D:3)
  2 rats
  A plant (Lair:6)
134 creatures vanquished.

Vanquished Creatures (others)
  4 humans (D:15)
  A lava snake (Lair:6)
  28 hexers
  An orc (Orc:2)
  A bush (D:10)
  10 fungi
  22 plants
67 creatures vanquished.

Grand Total: 862 creatures vanquished

Notes
Turn   | Place    | Note
-------+----------+-------------------------------------------
     0 | D:1      | night the Barachi Fighter began the quest for the Orb.
     0 | D:1      | Reached XP level 1. HP: 18/18 MP: 1/1
   182 | D:1      | Reached XP level 2. HP: 21/25 MP: 2/2
   503 | D:1      | Reached XP level 3. HP: 21/30 MP: 3/3
   609 | D:1      | You fall through a shaft!
   637 | D:2      | Reached XP level 4. HP: 30/37 MP: 4/4
   696 | D:2      | Found a burning altar of Makhleb.
   795 | D:2      | Found a faded altar of an unknown god.
   801 | D:2      | Became a worshipper of Hepliaklqana the Forgotten
   801 | D:2      | Reached * piety under Hepliaklqana
   893 | D:2      | Noticed Jessica
   907 | D:2      | Killed Jessica
   907 | D:2      | Reached XP level 5. HP: 37/38 MP: 5/5
   924 | D:2      | Noticed Natasha
   930 | D:2      | Killed Natasha
   956 | D:2      | Reached skill level 5 in Long Blades
  1119 | D:2      | Found a shadowy altar of Dithmenos.
  1200 | D:2      | Noticed Natasha
  1216 | D:2      | Killed Natasha
  1600 | D:2      | Noticed Natasha
  1619 | D:2      | Killed Natasha
  1619 | D:2      | Reached XP level 6. HP: 20/45 MP: 6/6
  2079 | D:1      | Reached skill level 5 in Fighting
  2546 | D:3      | Found a blossoming altar of Fedhas.
  2549 | D:3      | Found a hide-covered altar of Uskayaw.
  2552 | D:3      | Found a hazy altar of Hepliaklqana.
  2555 | D:3      | Found a glowing golden altar of the Shining One.
  2578 | D:3      | Found a shimmering altar of Xom.
  2611 | D:3      | Reached skill level 5 in Shields
  2637 | D:3      | Reached ** piety under Hepliaklqana
  2638 | D:3      | Remembered your ancestor Ulric as a hexer
  2705 | D:3      | Found a glowing silver altar of Zin.
  2728 | D:3      | Found a sparkling altar of Nemelex Xobeh.
  2738 | D:3      | Reached XP level 7. HP: 48/50 MP: 7/7
  3512 | D:4      | Noticed Duvessa
  3513 | D:4      | Noticed Dowan
  3532 | D:4      | Killed Dowan
  3534 | D:4      | Killed Duvessa
  3702 | D:4      | Found Dotzeat's Distillery.
  3713 | D:4      | Bought a potion of heal wounds for 50 gold pieces
  3713 | D:4      | Bought a potion of curing for 30 gold pieces
  3808 | D:4      | Noticed Menkaure
  3819 | D:4      | Killed Menkaure
  3819 | D:4      | Reached XP level 8. HP: 45/58 MP: 8/8
  3891 | D:4      | Noticed Grinder
  3894 | D:4      | Paralysed by Grinder for 2 turns
  3903 | D:4      | Killed Grinder
  4165 | D:5      | Entered Level 5 of the Dungeon
  4320 | D:5      | Reached *** piety under Hepliaklqana
  4506 | D:5      | Found a staircase to the Ecumenical Temple.
  4526 | Temple   | Entered the Ecumenical Temple
  4759 | D:5      | Found a burning altar of Makhleb.
  4952 | D:6      | Reached XP level 9. HP: 37/64 MP: 9/9
  5303 | D:6      | Reached skill level 10 in Long Blades
  5540 | D:6      | HP: 1/66 [orc warrior/+0 hand axe (13)]
  5824 | D:7      | Found a bloodstained altar of Trog.
  5963 | D:7      | Found a sacrificial altar of Ru.
  6292 | D:7      | Found Toboenack's Assorted Antiques.
  6311 | D:7      | Identified Ycia's Incunabulum of Stolen Souls and
                  | Augmentations
  6341 | D:7      | Reached **** piety under Hepliaklqana
  6361 | D:7      | Found Obla's Magic Scroll Shoppe.
  6364 | D:7      | Found Woforaor's General Store.
  6405 | D:7      | Bought a scroll of fog for 28 gold pieces
  6636 | D:7      | Noticed Joseph
  7238 | D:8      | HP: 2/67 [wight/cursed +0 spear (5)]
  7344 | D:8      | Noticed a two-headed ogre
  7556 | D:8      | Killed a two-headed ogre
  7556 | D:8      | Reached XP level 10. HP: 7/74 MP: 10/10
  8091 | D:8      | Noticed Maurice
  8107 | D:8      | Killed Maurice
  8813 | D:8      | Reached skill level 10 in Fighting
  8967 | D:8      | Noticed Gastronok
  8982 | D:8      | Noticed Prince Ribbit
  9005 | D:8      | Killed Gastronok
  9005 | D:8      | Reached XP level 11. HP: 39/82 MP: 11/11
  9016 | D:8      | Killed Prince Ribbit
  9530 | D:9      | Noticed Erolcha
  9536 | D:9      | Cast into level 2 of the Abyss (Erolcha)
  9579 | Abyss:2  | Noticed a wretched star
  9651 | Abyss:2  | Noticed a worldbinder
  9677 | D:9      | Escaped the Abyss
  9694 | D:9      | HP: 1/82 [something/bolt of lightning (29)]
  9703 | D:9      | Killed Erolcha
  9703 | D:9      | Reached skill level 10 in Shields
 10153 | D:9      | Found a stormy altar of Qazlal.
 10277 | D:9      | Found a staircase to the Orcish Mines.
 10309 | D:9      | Noticed Grum
 10342 | D:9      | Killed Grum
 10502 | D:9      | Gained mutation: Your mind is acute. (Int +2) [potion of
                  | mutation]
 10502 | D:9      | Lost mutation: Your mind is acute. (Int +2) [potion of
                  | mutation]
 10502 | D:9      | Gained mutation: Your flesh is cold resistant. (rC+)
                  | [potion of mutation]
 10503 | D:9      | Lost mutation: Your flesh is cold resistant. (rC+) [potion
                  | of mutation]
 10503 | D:9      | Gained mutation: Your body sometimes deteriorates upon
                  | taking damage. [potion of mutation]
 10503 | D:9      | Gained mutation: You have sharp toenails. [potion of
                  | mutation]
 10503 | D:9      | Gained mutation: You often lose your temper in combat.
                  | [potion of mutation]
 10503 | D:9      | Gained mutation: You can translocate small distances at
                  | will. [potion of mutation]
 10504 | D:9      | Lost mutation: You have sharp toenails. [potion of
                  | mutation]
 10504 | D:9      | Lost mutation: You often lose your temper in combat.
                  | [potion of mutation]
 10504 | D:9      | Gained mutation: You are clumsy. (Dex -2) [potion of
                  | mutation]
 10504 | D:9      | Gained mutation: You are partially covered in slimy green
                  | scales. (AC +2) [potion of mutation]
 10505 | D:9      | Lost mutation: Your body sometimes deteriorates upon taking
                  | damage. [potion of mutation]
 10505 | D:9      | Lost mutation: You can translocate small distances at will.
                  | [potion of mutation]
 10505 | D:9      | Lost mutation: You are clumsy. (Dex -2) [potion of
                  | mutation]
 10505 | D:9      | Gained mutation: You have a pair of small antennae on your
                  | head. [potion of mutation]
 10505 | D:9      | Gained mutation: Your muscles are strong. (Str +2) [potion
                  | of mutation]
 10505 | D:9      | Gained mutation: You have a beak for a mouth. [potion of
                  | mutation]
 10659 | D:9      | Noticed Pikel
 10688 | D:9      | Killed Pikel
 10805 | D:10     | Entered Level 10 of the Dungeon
 11358 | D:10     | Found Rusyzu's Assorted Antiques.
 11516 | D:10     | Found a runed translucent door.
 11528 | D:10     | Paralysed by a hornet for 1 turns
 11536 | D:10     | Paralysed by a hornet for 1 turns
 11543 | D:10     | Upgraded the game from 0.23.1 to 0.23.1-37-gaa34b87
 11644 | D:10     | Noticed a brown ugly thing
 11645 | D:10     | Noticed Vojta's ghost (novice DDFi)
 12369 | D:10     | Reached XP level 12. HP: 77/92 MP: 12/12
 12668 | D:10     | Found a staircase to the Lair.
 12920 | Lair:1   | Entered Level 1 of the Lair of Beasts
 13237 | Lair:1   | Noticed Fannar
 13270 | Lair:1   | Killed Fannar
 13376 | Lair:1   | Reached ***** piety under Hepliaklqana
 13423 | Lair:1   | Noticed a seven-headed hydra
 13447 | Lair:1   | HP: 3/94 [porcupine (12)]
 13789 | Lair:1   | Killed a seven-headed hydra
 14002 | Lair:1   | Noticed Urug
 14005 | Lair:1   | Noticed Urug
 14005 | Lair:1   | Urug changed into Urug the glowing orange brain
 14012 | Lair:1   | Killed Urug the glowing orange brain
 14443 | Lair:1   | Got a pitted long sword
 14444 | Lair:1   | Identified the +8 long sword "Zacrozoh" {drain, +Fly} (You
                  | found it on level 1 of the Lair of Beasts)
 14936 | Lair:2   | Found a staircase to the Swamp.
 14946 | Lair:2   | Noticed a catoblepas
 14961 | Lair:2   | Killed a catoblepas
 16038 | Lair:3   | Noticed an eight-headed hydra
 16139 | Lair:3   | Noticed a four-headed hydra
 16156 | Lair:3   | Killed a four-headed hydra
 16461 | Lair:3   | Found a staircase to the Snake Pit.
 16614 | Lair:3   | Found a runed translucent door.
 16614 | Lair:3   | Noticed Yolobob's ghost (adept TrMo)
 16699 | Lair:3   | HP: 4/94 [acid (12)]
 16708 | Lair:3   | Gained mutation: You can hop long distances. [Barachi
                  | growth]
 16708 | Lair:3   | Reached XP level 13. HP: 17/99 MP: 13/13
 17324 | Lair:3   | Identified a scroll of acquirement
 17610 | Lair:4   | Reached skill level 15 in Shields
 17790 | Lair:4   | Found a sacrificial altar of Ru.
 17826 | Lair:4   | Reached skill level 1 in Dodging
 18381 | Lair:4   | Reached skill level 5 in Armour
 19335 | Lair:5   | Reached ****** piety under Hepliaklqana
 19691 | Lair:5   | Got a pitted scale mail
 19705 | Lair:5   | Identified the +5 scale mail "Toeps" {+Blink rElec rC-
                  | Dex-4} (You found it on level 5 of the Lair of Beasts)
 20045 | Lair:6   | Entered Level 6 of the Lair of Beasts
 20167 | Lair:6   | Reached skill level 5 in Dodging
 20217 | Lair:6   | Reached skill level 1 in Invocations
 20789 | Lair:6   | Found a viscous altar of Jiyva.
 20789 | Lair:6   | Found a staircase to the Slime Pits.
 21162 | Lair:6   | Noticed a fire dragon
 21162 | Lair:6   | Found a large runed translucent door.
 21171 | Lair:6   | Found a large runed translucent door.
 22253 | Lair:6   | Got an encrusted plate armour
 22264 | Lair:6   | Identified the +6 plate armour of Tomorrow {rPois rC+ Str-4
                  | Slay+5} (You found it on level 6 of the Lair of Beasts)
 22694 | Lair:6   | Reached XP level 14. HP: 100/106 MP: 17/17
 22710 | Lair:6   | Reached skill level 5 in Invocations
 22901 | Lair:6   | Got a bloodstained buckler
 22912 | Lair:6   | Identified the +1 buckler of Vehumet's Hope {rF- rN+ Regen+
                  | Stlth+} (You found it on level 6 of the Lair of Beasts)
 23531 | D:11     | Noticed Snorg
 23539 | D:11     | Killed Snorg
 24495 | D:12     | Found a basalt altar of Yredelemnul.
 24694 | D:12     | Noticed Frances
 24701 | D:12     | Gained mutation: Your body sometimes deteriorates upon
                  | taking damage. [a neqoxec]
 24704 | D:12     | Gained mutation: Potions are less effective at restoring
                  | your health. [a neqoxec]
 24710 | D:12     | Killed Frances
 25949 | D:13     | Found Lickoinui's Antique Armour Emporium.
 25955 | D:13     | Bought a pair of crude gloves for 199 gold pieces
 25976 | D:13     | Identified the +2 pair of gloves "Nagahubi" {rPois MR+ MP+9
                  | Dex+2} (You bought it in a shop on level 13 of the Dungeon)
 26102 | D:13     | Reached skill level 10 in Armour
 26309 | D:13     | Found Qoom's Distillery.
 26326 | D:13     | Found Zofanwoc's General Store.
 26371 | D:13     | Found Muevive Ilixt's Food Shop.
 26531 | D:13     | Found Temaull's Magic Scroll Shoppe.
 26804 | D:13     | Noticed Azrael
 26815 | D:13     | Killed Azrael
 27086 | Orc:1    | Entered Level 1 of the Orcish Mines
 27091 | Orc:1    | Noticed an orc warlord
 27116 | Orc:1    | Killed an orc warlord
 27133 | Orc:1    | Reached XP level 15. HP: 61/112 MP: 20/20
 27786 | Orc:2    | Entered Level 2 of the Orcish Mines
 27812 | Orc:2    | Found a roughly hewn altar of Beogh.
 28037 | Orc:2    | Found a roughly hewn altar of Beogh.
 28109 | Orc:2    | Found a roughly hewn altar of Beogh.
 28140 | Orc:2    | Noticed an orc warlord
 28186 | Orc:2    | Killed an orc warlord
 28521 | Orc:2    | Found a roughly hewn altar of Beogh.
 28521 | Orc:2    | Found Siynor's Assorted Antiques.
 28539 | Orc:2    | Bought a scroll labeled IMIWIT ETOL for 29 gold pieces
 28558 | Orc:2    | Found Zipterr's Food Shop.
 28765 | Orc:2    | Found a staircase to the Elven Halls.
 28811 | Orc:2    | Found a roughly hewn altar of Beogh.
 29058 | Orc:2    | Found a roughly hewn altar of Beogh.
 29081 | Orc:2    | Found Boellakecs's Magic Scroll Emporium.
 29117 | Orc:2    | Reached skill level 10 in Dodging
 29118 | Orc:2    | Noticed an orc warlord
 29142 | Orc:2    | Killed an orc warlord
 29710 | Orc:2    | Found a roughly hewn altar of Beogh.
 29710 | Orc:2    | Found Coacamm's Antique Weapon Shop.
 29739 | Orc:2    | Found Xizuesk's Antique Armour Boutique.
 30080 | D:14     | Found a gate to the Vaults.
 31086 | D:14     | Reached skill level 15 in Fighting
 31098 | D:14     | Reached skill level 1 in Stealth
 31319 | D:14     | Found a sparkling altar of Nemelex Xobeh.
 31841 | D:15     | Entered Level 15 of the Dungeon
 32219 | D:15     | Noticed Kirke
 32248 | D:15     | Killed Kirke
 32703 | D:15     | Reached XP level 16. HP: 116/122 MP: 21/21
 32775 | D:15     | Found a staircase to the Depths.
 33077 | Swamp:1  | Entered Level 1 of the Swamp
 33930 | Swamp:2  | Reached skill level 5 in Stealth
 34094 | Swamp:2  | HP: 2/122 [slime creature (8)]
 34108 | Swamp:2  | Slain by a swamp worm

Skill      XL: |  1  2  3  4  5  6  7  8  9 10 11 12 13 14 15 16 |
---------------+-------------------------------------------------+-----
Long Blades    | 3 4 5 6 7 9 11 13 14 | 14.1
Fighting       | 4 5 6 7 9 10 12 13 15 | 15.5
Shields        | 4 5 6 8 9 11 14 15 | 15.0
Armour         | 8 10 12 13 | 13.1
Dodging        | 6 9 11 | 11.7
Invocations    | 4 7 |  7.5
Stealth        | 3 5 |  5.5

Action                   |  1- 3 |  4- 6 |  7- 9 | 10-12 | 13-15 | 16-18 || total
-------------------------+-------+-------+-------+-------+-------+-------++-------
Melee: Long sword        |   117 |   158 |   343 |   739 |  1175 |   185 ||  2717
       Peck              |       |       |       |   112 |   287 |    56 ||   455
       Rapier            |       |       |       |    30 |     6 |       ||    36
       Unarmed           |       |       |       |       |     9 |       ||     9
       Scimitar          |       |       |       |       |     8 |     9 ||    17
Invok: Ancestor Identity |       |     1 |       |       |       |       ||     1
       Ancestor Life: He |       |     1 |       |       |       |       ||     1
       Transference      |       |       |       |     1 |       |       ||     1
       Recall Ancestor   |       |       |       |     2 |     1 |       ||     3
       Idealise          |       |       |       |       |     2 |       ||     2
 Abil: Hop               |       |       |     2 |     3 |     6 |     2 ||    13
       Evoke Flight      |       |       |       |       |     3 |       ||     3
       Stop Flying       |       |       |       |       |     1 |       ||     1
Evoke: Wand              |       |       |     3 |     8 |    11 |       ||    22
       Phial of floods   |       |       |       |       |     1 |       ||     1
       Sack of spiders   |       |       |       |       |     1 |       ||     1
  Use: Scroll            |       |       |     3 |    12 |    18 |     5 ||    38
       Potion            |       |       |     1 |    12 |     2 |     4 ||    19
 Stab: Distracted        |       |     1 |     1 |     8 |     8 |       ||    18
       Confused          |       |       |     1 |     4 |    10 |     5 ||    20
       Petrified         |       |       |       |     5 |       |       ||     5
       Paralysed         |       |       |       |       |    10 |       ||    10
       Invisible         |       |       |       |       |     6 |    12 ||    18
  Eat: Chunk             |       |     7 |    11 |    37 |    61 |     5 ||   121
       Ration            |       |       |     3 |       |       |       ||     3
Armor: Scale mail        |    63 |    67 |   102 |   193 |    52 |       ||   477
       Plate armour      |       |       |       |    32 |   315 |    78 ||   425
Dodge: Dodged            |    42 |    46 |    96 |   167 |   292 |    89 ||   732
       Deflected         |       |       |       |       |     5 |     2 ||     7
Block: Shield            |    83 |    84 |   146 |   395 |   606 |   111 ||  1425
       Rpst.: Long sword |    12 |    14 |    32 |    44 |    80 |    21 ||   203
       Scimitar          |       |       |       |       |       |     1 ||     1
